 Dungeon Crawl Stone Soup version 0.15-a0-2374-gaadabb3 (webtiles) character file.

1754 noobtaur the Firebug (level 8, -3/46 HPs)
             Began as a High Elf Fire Elementalist on Aug 1, 2014.
             Slain by Pikel
             ... wielding a +2 whip of freezing
              (4 damage)
             ... on Level 6 of the Dungeon.
             The game lasted 00:55:08 (6388 turns).

noobtaur the Firebug (High Elf Fire Elementalist)   Turns: 6388, Time: 00:55:09

HP  -3/46        AC  3     Str  7      XL: 8   Next: 78%
MP   0/25        EV 13     Int 20      God:
Gold 280         SH  0     Dex 17      Spells:  4 memorised,  8 levels left

rFire  + . .     SeeInvis .     A - +3 quarterstaff (crush)
rCold  . . .     Clarity  .     y - +0 robe {MR+}
rNeg   + . .     rCorr    .     (no shield)
rPois  .         rRot     .     (no helmet)
rElec  .         Spirit   .     o - +0 cloak
SustAb .         Warding  +     (no gloves)
rMut   .         Stasis   .     (no boots)
Gourm  .                        u - amulet of warding
MR     +....                    (no ring)
                                a - ring of protection from fire

@: somewhat resistant to hostile enchantments, unstealthy
A: fangs 1
a: no special abilities


You were on level 6 of the Dungeon.
You were hungry.

You visited 2 branches of the dungeon, and saw 7 of its levels.

You collected 280 gold pieces.

Inventory:

Hand weapons
 d - a cursed -2 mace
 A - a +3 quarterstaff of crushing (weapon)
Armour
 h - a +0 leather armour
 o - a +0 cloak (worn)
 y - a +0 robe of magic resistance (worn)
Magical devices
 i - a wand of teleportation (5) {unknown}
 q - a wand of lightning (7) {unknown}
Comestibles
 c - 6 bread rations
 f - a beef jerky
 j - 2 chunks of orc flesh
Scrolls
 e - a scroll of random uselessness {unknown}
 g - a scroll of recharging
 k - a scroll of identify
 l - a scroll of enchant weapon
 p - 3 scrolls of remove curse
 r - a scroll of magic mapping
 s - 2 scrolls of teleportation
Jewellery
 a - a ring of protection from fire (left hand)
 u - an amulet of warding (around neck)
Potions
 m - 3 potions of curing
 n - 2 potions of might {unknown}
 t - a potion of restore abilities
Books
 b - a book of Flames

   Spells                             Type                      Level
   *Flame Tongue                      Conjuration/Fire             1
   Throw Flame                        Conjuration/Fire             2
   *Conjure Flame                     Conjuration/Fire             3
   Inner Flame                        Hexes/Fire                   3
   *Sticky Flame                      Conjuration/Fire             4
   *Fireball                          Conjuration/Fire             5


   Skills:
 - Level 2.4 Dodging
 - Level 2.2 Stealth
 + Level 7.4 Spellcasting
 + Level 6.9 Conjurations
 + Level 7.4 Fire Magic


You had 8 spell levels left.
You knew the following spells:

 Your Spells              Type           Power        Failure   Level  Hunger
a - Flame Tongue          Conj/Fire      #####        1%          1    None
b - Conjure Flame         Conj/Fire      #####...     1%          3    #......
c - Sticky Flame          Conj/Fire      #####...     6%          4    ###....
d - Fireball              Conj/Fire      #####.....   14%         5    #####..


Dungeon Overview and Level Annotations

Branches:
Dungeon (6/15)             Temple (1/1) D:4

Altars:
Ashenzari
Cheibriados
Elyvilon
Fedhas
Gozag
Kikubaaqudgha
Makhleb
Nemelex Xobeh
Okawaru
Qazlal
Trog
Xom
Yredelemnul
Zin
The Shining One

Annotations:
D:3 Sigmund
D:6 Pikel


Innate Abilities, Weirdness & Mutations

You have very sharp teeth.


Message History

Pikel burns!
The giant frog hits you but does no damage.
Pikel burns!
Pikel hits you with a runed whip.
* * * LOW HITPOINT WARNING * * *
Pikel freezes you.
* * * LOW HITPOINT WARNING * * *
Casting: Sticky Flame
Confirm with . or Enter, or press ? or * to list all spells.
Aiming: Sticky Flame
Press: ? - help, Shift-Dir - straight line, f/p - Pikel
Aim: Pikel, wielding a whip of freezing and wearing a robe (severely wounded, fast, covered in liquid flames)
The sticky flame hits Pikel.
Pikel is almost dead.
Pikel is covered in liquid flames!
You are feeling hungry.
Pikel burns!
The giant frog closely misses you. Pikel hits you with a whip of freezing!
* * * LOW HITPOINT WARNING * * *
Pikel freezes you.
You die...

.##.......# #.. #......
.##.......#####....
#......
.##................
#......
..w.................
#......
..5......5.........
#...... ................#
#...... o#...###..p..J..#
#...... .#...#
#.....p.F###########)..(..
.#...#
#....p.pK@.........)......
.#...#
#.........................
.#...#
#...................).####
.#...#
#......[..............#
.#...#
#..................)).#
.#...#
#########.............#
..# #.............#
#.............#
#.............#


You could see Pikel (burning), 4 slaves, a giant frog, a jelly and a shadow imp.

Vanquished Creatures
  The ghost of TZer0 the Cudgeler, an average OgAM (D:4)
  Menkaure (D:6)
  An orc warrior (D:5)
  2 sky beasts
  A phantom (D:5)
  3 ogres
  A centaur (D:3)
  Blork the orc (D:6)
  2 scorpions (D:5)
  A hippogriff skeleton (D:5)
  A hound (D:4)
  A jelly (D:5)
  4 worker ants
  2 iguanas
  5 orc wizards
  Jessica (D:3)
  6 adders
  A shadow imp (D:6)
  A worm (D:5)
  4 giant geckos
  16 orcs
  8 bats
  2 giant cockroaches
  10 goblins
  13 hobgoblins
  10 jackals
  4 quokkas
  A hobgoblin skeleton (D:4)
  11 kobolds
  A kobold skeleton (D:5)
  A kobold zombie (D:6)
  An orc zombie (D:5)
  13 rats
131 creatures vanquished.

Notes
Turn   | Place    | Note
--------------------------------------------------------------
     0 | D:1      | noobtaur, the High Elf Fire Elementalist, began the quest for the Orb.
     0 | D:1      | Reached XP level 1. HP: 11/11 MP: 4/4
   445 | D:1      | Reached XP level 2. HP: 17/17 MP: 3/6
  1252 | D:2      | Reached XP level 3. HP: 21/21 MP: 5/8
  1342 | D:2      | Found a white marble altar of Elyvilon.
  1620 | D:2      | Learned a level 3 spell: Conjure Flame
  2073 | D:3      | Noticed a centaur
  2097 | D:2      | Reached XP level 4. HP: 19/27 MP: 4/12
  2241 | D:3      | Killed a centaur
  2241 | D:3      | Reached skill level 4 in Fire Magic
  2241 | D:3      | Reached XP level 5. HP: 24/31 MP: 9/15
  2431 | D:3      | Noticed Sigmund
  2769 | D:3      | Noticed Jessica
  2772 | D:3      | Killed Jessica
  2915 | D:3      | Learned a level 4 spell: Sticky Flame
  3314 | D:4      | Reached XP level 6. HP: 32/36 MP: 12/18
  3323 | D:4      | Noticed TZer0's ghost (average OgAM)
  3339 | D:4      | Killed TZer0's ghost
  3339 | D:4      | Reached skill level 5 in Spellcasting
  3339 | D:4      | Reached skill level 5 in Fire Magic
  3491 | D:4      | Reached XP level 7. HP: 28/41 MP: 15/21
  3650 | D:4      | Noticed an ogre
  3684 | D:4      | Killed an ogre
  3940 | D:4      | Found a staircase to the Ecumenical Temple.
  3970 | D:4      | Noticed an ogre
  3980 | D:4      | Killed an ogre
  4039 | D:4      | Reached skill level 5 in Conjurations
  4312 | Temple   | Entered the Ecumenical Temple
  4390 | Temple   | Gained mutation: You have very sharp teeth. [potion of beneficial mutation]
  4447 | D:5      | Entered Level 5 of the Dungeon
  4537 | D:5      | Reached skill level 6 in Fire Magic
  4668 | D:5      | Learned a level 5 spell: Fireball
  4702 | D:5      | Reached XP level 8. HP: 46/46 MP: 10/24
  4713 | D:5      | Found a blossoming altar of Fedhas.
  5829 | D:6      | Reached skill level 7 in Fire Magic
  6101 | D:6      | Noticed Blork the orc
  6102 | D:6      | Noticed Menkaure
  6116 | D:6      | Killed Blork the orc
  6301 | D:6      | Killed Menkaure
  6366 | D:6      | Noticed Pikel
  6388 | D:6      | HP: 1/46 [Pikel/whip of freezing (9)]
  6388 | D:6      | Slain by Pikel

Action                   |  1- 3 |  4- 6 |  7- 9 || total
-------------------------+-------+-------+-------++-------
Melee: Short sword       |     3 |     2 |       ||     5
       Quarterstaff      |       |       |     3 ||     3
 Cast: Flame Tongue      |    73 |    50 |   121 ||   244
       Sticky Flame      |       |     5 |    15 ||    20
       Conjure Flame     |       |     5 |    19 ||    24
       Fireball          |       |       |     6 ||     6
  Use: Scroll            |       |       |    10 ||    10
       Potion            |       |       |     6 ||     6
  Eat: Chunk             |     3 |     5 |     8 ||    16
       Bread ration      |       |     1 |       ||     1
       Pizza             |       |       |     1 ||     1
